 Dungeon Crawl Stone Soup version 0.19.1-1-g22dce08 (webtiles) character file.

227 Peloso the Skirmisher (level 6, -5/52 HPs)
             Began as a Ghoul Fighter on Jan 2, 2017.
             Killed by divine providence
             ... invoked by an orc priest
              (11 damage)
             ... on level 4 of the Dungeon.
             The game lasted 00:07:11 (2264 turns).

Peloso the Skirmisher (Ghoul Fighter)               Turns: 2264, Time: 00:07:11

Health: -5/52      AC: 10    Str: 20    XL:     6   Next: 2%
Magic:  5/5        EV:  5    Int:  3    God:
Gold:   149        SH:  9    Dex: 10    Spells: 0 memorised, 5 levels left

rFire  . . .     SeeInvis +     a - +0 long sword
rCold  + . .     Gourm    .     q - +0 chain mail
rNeg   + + +     Faith    .     c - +0 shield
rPois  ∞         Spirit   .     e - +0 helmet
rElec  .         Reflect  .     (no cloak)
rCorr  .         Harm     .     (no gloves)
MR     .....                    (no boots)
Stlth  ..........               (no amulet)
                                (no ring)
                                u - ring of see invisible

@: rotting
A: rotting body, claws 1, carnivore 3, cold resistance 1, negative energy
resistance 3, slow regeneration 1, torment resistance, unbreathing
a: no special abilities


You were on level 4 of the Dungeon.
You were not hungry.

You visited 1 branch of the dungeon, and saw 4 of its levels.

You collected 149 gold pieces.

Inventory:

Hand Weapons
 a - a +0 long sword (weapon)
 j - a +2 dagger of holy wrath
 r - a +2 dagger of pain
 t - a +0 dagger of draining
Armour
 b - a +0 scale mail
 c - a +0 shield (worn)
 e - a +0 helmet (worn)
 q - a +0 chain mail (worn)
Jewellery
 u - a ring of see invisible (left claw)
Scrolls
 h - 3 scrolls of remove curse {unknown}
 i - 2 scrolls of enchant armour {unknown}
 l - 2 scrolls of identify {unknown}
 m - 3 scrolls of immolation {unknown}
 n - a scroll of fog {unknown}
 p - a scroll of fear {unknown}
Potions
 d - a potion of might
 k - a potion of degeneration {unknown}
 o - a potion of mutation {unknown}
 s - a potion of heal wounds {unknown}
Comestibles
 f - 4 meat rations


   Skills:
 + Level 4.1 Fighting
 + Level 3.3 Long Blades
 + Level 3.5 Armour
 + Level 1.2 Dodging
 + Level 3.6 Shields


You had 5 spell levels left.
You didn't know any spells.

Dungeon Overview and Level Annotations

Branches:
Dungeon (4/15)
 Temple: D:4-7

Altars:
Nemelex Xobeh


Innate Abilities, Weirdness & Mutations

Your body is rotting away.
You thrive on raw meat.
You are immune to poison.
You have sharp fingernails.
You are carnivorous and can eat meat at any time.
Your flesh is cold resistant. (rC+)
You are immune to negative energy. (rN+++)
You regenerate slowly when monsters are visible.
You are immune to unholy pain and torment.
You can survive without breathing.


Message History

The orc priest miscasts a cantrip.
The orc hits you with a mace.
You hit the orc but do no damage.
The orc is severely wounded.
You block the orc's attack.
Unknown command.
Your shield and chain mail prevent you from hitting the orc.
The orc is severely wounded.
You block the orc's attack.
Unknown command.
You hit the orc.
You kill the orc!
The orc priest invokes the aid of Beogh against you.
Beogh smites you!
* * * LOW HITPOINT WARNING * * *
Unknown command.
You closely miss the orc priest.
The orc priest calls down the wrath of Beogh upon you.
Beogh smites you!
You die...

##### #...# #...#
#########
####...#####........
#######.........##h#
................@oo#
#######.....[...####
.............####
..#######....##
##......##
#.<........
#......##.#####
#.#.#####.# #. .#


You could see 2 orc priests and a jackal.

Vanquished Creatures
  A howler monkey (D:3)
  Terence (D:2)
  3 adders
  3 gnolls (D:3)
  3 worms (D:2)
  A dart slug (D:2)
  2 leopard geckos
  10 orcs
  7 bats
  5 giant cockroaches
  8 goblins
  6 hobgoblins
  5 jackals
  11 kobolds
  4 quokkas
  A ball python (D:2)
  7 frilled lizards
  8 rats
86 creatures vanquished.

Notes
Turn   | Place    | Note
-------+----------+-------------------------------------------
     0 | D:1      | Peloso the Ghoul Fighter began the quest for the Orb.
     0 | D:1      | Reached XP level 1. HP: 19/19 MP: 0/0
   136 | D:1      | Reached XP level 2. HP: 26/26 MP: 1/1
   450 | D:1      | Reached XP level 3. HP: 30/31 MP: 2/2
   774 | D:2      | Noticed Terence
   792 | D:2      | Killed Terence
   792 | D:2      | Reached skill level 1 in Dodging
   792 | D:2      | Reached XP level 4. HP: 30/39 MP: 3/3
  1330 | D:3      | Reached XP level 5. HP: 33/46 MP: 4/4
  1627 | D:3      | Reached skill level 4 in Fighting
  1834 | D:3      | Found a sparkling altar of Nemelex Xobeh.
  2176 | D:3      | Reached XP level 6. HP: 52/52 MP: 5/5
  2264 | D:4      | Killed from afar by an orc priest

Skill      XL: |  1  2  3  4  5 |
---------------+----------------+-----
Long Blades    | 2 3 |  3.3
Shields        | 3 |  3.6
Armour         | 3 |  3.5
Dodging        | 1 |  1.2
Fighting       | 4 |  4.1

Action                   |  1- 3 |  4- 6 || total
-------------------------+-------+-------++-------
Melee: Long sword        |   186 |   218 ||   404
  Eat: Chunk             |     5 |    15 ||    20
Armor: Scale mail        |    92 |    24 ||   116
       Chain mail        |       |    99 ||    99
Dodge: Dodged            |    78 |    47 ||   125
Block: Shield            |    93 |   123 ||   216
       Rpst.: Long sword |    32 |    16 ||    48
